 Dungeon Crawl Stone Soup version 0.28.0-1-gb440e238dd (webtiles) character file.

Game seed: 13360480312359000560

9694 browni3141 the Imperceptible (level 11, -5/47 HPs)
             Began as a Spriggan Enchanter on Feb 20, 2022.
             Splashed by an acid blob's acid (6 damage)
             ... on level 5 of the Pits of Slime.
             The game lasted 00:23:46 (7875 turns).

browni3141 the Imperceptible (Spriggan Enchanter)   Turns: 7875, Time: 00:23:47

Health: -5/47      AC:  6    Str:  1 (4)  XL:     11   Next: 26%
Magic:  16/16      EV: 20    Int: 27 (30) God:
Gold:   1093       SH: 10    Dex: 16 (18) Spells: 7/15 levels left

rFire   . . .      SeeInvis +   M - +0 quick blade
rCold   . . .      Faith    .   k - +3 warlock's mirror {reflect}
rNeg    + . .      Spirit   .   F - +0 robe "Ostrih" {rN+ Regen+ Dex+2}
rPois   .          Reflect  +   f - +2 hat {Int+3}
rElec   .          Harm     .   j - +1 cloak
rCorr   .          Rampage  .   (gloves unavailable)
Will    +....                   (boots unavailable)
Stlth   +++++++++.              r - amulet of magic regeneration
HPRegen 0.95/turn               E - +4 ring of evasion
MPRegen 0.55/turn               I - +6 ring of intelligence

@: attractive, very quick
A: very small, no large weapons, unfitting armour, see invisible, speed 3
a: no special abilities


You were on level 5 of the Pits of Slime.
You visited 3 branches of the dungeon, and saw 21 of its levels.

You collected 1093 gold pieces.


Innate Abilities, Weirdness & Mutations

You are very small and have problems with some larger weapons.
You are too small for most types of armour.
You have supernaturally acute eyesight. (SInv)
You cover ground extremely quickly. (Speed+++)


   Skills:
 - Level 1.1 Short Blades
 - Level 2.6 Dodging
 + Level 24.0 Stealth
 - Level 4.0 Shields
 - Level 2.6 Spellcasting
 - Level 6.0 Hexes


You had 7 spell levels left.
You knew the following spells:

 Your Spells              Type           Power      Damage    Failure   Level
d - Tukima's Dance        Hex            36%        N/A       4%          3
o - Confusing Touch       Hex            36%        N/A       4%          3
z - Ensorcelled Hibernat  Hex/Ice        40%        N/A       8%          2

Your spell library contained the following spells:

 Spells                   Type           Power      Damage    Failure   Level
 Dazzling Flash           Conj/Hex       40%        N/A       16%         3
 Animate Skeleton         Necr           6%         N/A       19%         1
 Apportation              Tloc           6%         N/A       19%         1
 Magic Dart               Conj           12%        1d3       19%         1
 Pain                     Necr           12%        1d4       19%         1
 Searing Ray              Conj           6%         2d4       26%         2
 Sublimation of Blood     Necr           3%         N/A       26%         2
 Wereblood                Tmut           3%         N/A       26%         2
 Fulminant Prism          Conj/Hex       10%        3d9       45%         4
 Vampiric Draining        Necr           3%         2d6       47%         3
 Metabolic Englaciation   Hex/Ice        10%        N/A       82%         5
 Summon Mana Viper        Hex/Summ       20%        N/A       82%         5
 Petrify                  Tmut/Erth      3%         N/A       87%         4
 Alistair's Intoxication  Tmut/Pois      2%         N/A       99%         5
 Summon Forest            Summ/Tloc      1%         N/A       99%         5
 Statue Form              Tmut/Erth      2%         N/A       100%        6
 Summon Cactus Giant      Summ           1%         N/A       100%        6
 Summon Hydra             Summ           1%         N/A       100%        7

Inventory:

Hand Weapons
 a - a +1 dagger of flaming
 M - a +0 quick blade (weapon)
Armour
 b - a +0 robe
 f - a +2 hat of intelligence (worn)
 j - a +1 cloak (worn)
 k - the +3 warlock's mirror (worn) {reflect}
   (You acquired it on level 7 of the Dungeon)

   It can block and reflect piercing ranged attacks and magical attacks against
   the wielder's willpower.
 o - the +0 buckler "Vuilent" {rPois rC+ Slay+3}
   (You found it on level 2 of the Dungeon)

   Slay:      It affects your accuracy & damage with ranged weapons and melee
   (+3).
   rC:        It protects you from cold.
   rPois:     It protects you from poison.
 F - the +0 robe "Ostrih" (worn) {rN+ Regen+ Dex+2}
   (You found it on level 9 of the Dungeon)

   Dex:       It affects your dexterity (+2).
   rN:        It protects you from negative energy.
   Regen:     It increases your rate of health regeneration.
Magical Staves
 g - a staff of conjuration {!a}
Jewellery
 r - an amulet of magic regeneration (around neck)
 C - a ring of protection from cold
 E - a +4 ring of evasion (left hand)
 G - an amulet of guardian spirit
 I - a +6 ring of intelligence (right hand)
 P - a ring of poison resistance {@f3}
Wands
 l - a wand of flame (11)
 t - a wand of paralysis (4)
 v - a wand of digging (4)
 w - a wand of charming (5)
Scrolls
 d - 2 scrolls of amnesia {unknown}
 n - 2 scrolls of identify {unknown}
 x - a scroll of blinking {@r3}
 y - 2 scrolls of immolation {unknown}
 A - 2 scrolls of fog {@r5}
 D - a scroll of teleportation {unknown}
 H - a scroll of enchant armour {unknown}
 L - a scroll of brand weapon
Potions
 c - 3 potions of invisibility
 h - a potion of haste {unknown}
 m - 5 potions of curing {@q1}
 p - a potion of lignification {!q}
 q - 2 potions of degeneration {!q}
 u - 2 potions of might
 z - a potion of ambrosia {unknown}
 J - a potion of brilliance {unknown}
 K - a potion of heal wounds {unknown}

Dungeon Overview and Level Annotations

Branches:
Dungeon (10/15)            Temple (0/1) D:4            Lair (6/6) D:9
  Slime (5/5) Lair:5
  Swamp: Lair:2-4    Shoals: Lair:2-4     Snake: Lair:2-4    Spider: Lair:2-4
    Orc: D:9-12

Altars:
Ashenzari
Hepliaklqana
Kikubaaqudgha
Ru
Uskayaw
Xom

Annotations:
Lair:5 Kirke

###....####. ##
#.....#....#
#.######...........
#...##........<....
##...#..............
##...................
##....J...............
##.....J.§.............
#.....@JJJ.............
#......JJJ..............
##.....JJJ...§..........
#.......§..............
##.....................
#...........J....J....
##....................
#.^..................
...............


You could see 4 acid blobs, 2 azure jellies, 5 slime creatures and a quicksilver
ooze.


Message History

The acid blob is attracted toward you.
It was a potion of magic.
Magic courses through your body. You block the slime creature's attack.
An azure jelly comes into view.
The slime creature is attracted toward you.
The acid blob is attracted toward you.
The azure jelly is attracted toward you.
It was a potion of flight.
Your roots keep you in place.
You block the slime creature's attack.
The slime creature hits you but does no damage.
The acid blob spits acid at you. The splash of acid hits you.
You block the acid blob's attack.
The azure jelly is attracted toward you.
It was a potion of cancellation.
Your magical effects are unravelling.
You feel magically purged.
You feel less wooden.
Your +1 cloak unmelds from your body.
Your +2 hat of intelligence unmelds from your body.
The +0 robe "Ostrih" {rN+ Regen+ Dex+2} unmelds from your body.
You feel clever.
You feel a little less mighty now.
The sentinel's mark upon you fades away.
The slime creature hits you.
A slime creature comes into view.
The acid blob hits you!!
Ouch! That really hurt!
* * * LOW HITPOINT WARNING * * *
You are splashed with acid.
You die...

Skill      XL: |  1  2  3  4  5  6  7  8  9 10 11 |
---------------+----------------------------------+-----
Hexes          | 4 5 6 |  6.0
Stealth        | 5 6 7 8 10 15 19 22 24 | 24.0
Shields        | 1 2 4 |  4.0
Short Blades   | |  1.1
Dodging        | |  2.6
Spellcasting   | |  2.6

Action                   |  1- 3 |  4- 6 |  7- 9 | 10-12 || total
-------------------------+-------+-------+-------+-------++-------
Melee: Dagger            |    74 |    98 |   160 |    48 ||   380
       Punch             |     2 |       |       |       ||     2
       Quick blade       |       |       |       |    12 ||    12
 Cast: Ensorcelled Hiber |    14 |    73 |    35 |    38 ||   160
       Confusing Touch   |       |     3 |    15 |     3 ||    21
Evoke: Wand              |       |     4 |     4 |     4 ||    12
  Use: Scroll            |       |       |     6 |     2 ||     8
       Potion            |       |       |       |     8 ||     8
 Stab: Sleeping          |    21 |    26 |    31 |    25 ||   103
       Confused          |       |       |    11 |     4 ||    15
Armor: Robe              |     9 |    12 |    18 |     6 ||    45
       Skin              |       |       |       |     1 ||     1
Dodge: Dodged            |    46 |    57 |    97 |    45 ||   245
Block: Buckler           |       |    32 |    62 |    26 ||   120
       Reflection        |       |       |     3 |     1 ||     4

Levels and vault maps discovered:
D:1:      minmay_arrival_doors, layout_basic,
          dreamdust_ecumenical_altar_hidden_monk_grotto, st_stairs_14,
          serial_bayou_crossing
D:2:      layout_loops_cross, chequers_serial_rivers_marsh,
          pf_guarded_unrand_woodcutter, uniq_natasha
D:3:      layout_rooms, uniq_ijyb
D:4:      layout_loops_cross, nicolae_overflow_hidden_temple,
          lemuel_round_altar, xom_confusion_cloud,
          minmay_temple_entry_crystal_x, minmay_misc_feat_pillars
D:5:      layout_loops_cross, nicolae_ru_awakened_eye
D:6:      minmay_diamond_boxcup, layout_basic, vehumet_statue,
          kiku_gazebo_pond_becter, serial_bayou, serial_bayou_pond_d,
          serial_bayou_pond_e, serial_bayou_pond_d, serial_bayou_lagoon_a
D:7:      layout_basic, lemuel_crystal_altar, enter_bailey_4
D:8:      minmay_curly_fans, layout_basic
D:9:      layout_long_grid, lair_entry_dummy, minmay_misc_feat_diagonals,
          uniq_maggie
D:10:     layout_layer_cave
Lair:1:   layout_loops_ring, serial_bayou_shore_b, grunt_megastairs_3,
          infiniplex_staircase_pool
Lair:2:   layout_small_grid, grunt_megastairs_2
Lair:3:   wad_woods_pond, layout_cave_pods, spider_nest_entry_web_field,
          minivault_25, serial_bayou_lake_a
Lair:4:   layout_layer_cave, minmay_shoals_entry_hut, grunt_megastairs_4,
          infiniplex_staircase_pool_2
Lair:5:   beast_lair_carwin_large_2, layout_concentric_octagons,
          minmay_slime_entry_pillars, uniq_kirke
Lair:6:   hangedman_lair_tendril_chambers, layout_gridlike,
          minmay_lair_oklob_items, serial_bayou_shore_a
Slime:1:  layout_caves, cheibrodos_slime_lost_civilization_4
Slime:2:  layout_caves
Slime:3:  layout_caves
Slime:4:  layout_caves
Slime:5

Notes
Turn   | Place    | Note
-------+----------+-------------------------------------------
     0 | D:1      | browni3141 the Spriggan Enchanter began the quest for the
                  | Orb.
     0 | D:1      | Reached XP level 1. HP: 9/9 MP: 5/5
   112 | D:1      | Found a faded altar of an unknown god.
   255 | D:1      | Reached skill level 4 in Hexes
   292 | D:1      | Reached XP level 2. HP: 13/13 MP: 6/6
   301 | D:1      | Reached skill level 5 in Stealth
   304 | D:1      | Learned a level 2 spell: Ensorcelled Hibernation
   734 | D:1      | Reached XP level 3. HP: 16/16 MP: 8/8
   866 | D:1      | Learned a level 3 spell: Confusing Touch
   990 | D:2      | Reached skill level 6 in Stealth
  1170 | D:2      | Noticed Natasha
  1175 | D:2      | Killed Natasha
  1176 | D:2      | Reached skill level 5 in Hexes
  1176 | D:2      | Reached XP level 4. HP: 12/21 MP: 0/9
  1376 | D:2      | Noticed Natasha
  1626 | D:2      | Killed Natasha
  1661 | D:2      | Noticed Natasha
  1672 | D:2      | Killed Natasha
  1783 | D:2      | Reached skill level 7 in Stealth
  1783 | D:2      | Reached XP level 5. HP: 24/24 MP: 7/10
  1954 | D:2      | Identified the +0 buckler "Vuilent" {rPois rC+ Slay+3}
  2369 | D:2      | Reached skill level 1 in Shields
  2369 | D:2      | Reached skill level 6 in Hexes
  2455 | D:2      | Reached XP level 6. HP: 28/28 MP: 6/11
  2656 | D:3      | Noticed Ijyb
  2669 | D:3      | Killed Ijyb
  2825 | D:5      | Entered Level 5 of the Dungeon
  2849 | D:5      | Reached skill level 8 in Stealth
  2849 | D:5      | Reached skill level 2 in Shields
  3002 | D:4      | Found a shimmering altar of Xom.
  3340 | D:3      | Reached XP level 7. HP: 14/32 MP: 12/12
  3647 | D:4      | Found a staircase to the Ecumenical Temple.
  3720 | D:4      | Reached skill level 3 in Shields
  3878 | D:4      | Found a hide-covered altar of Uskayaw.
  3908 | D:4      | Found a hazy altar of Hepliaklqana.
  4161 | D:5      | Reached skill level 9 in Stealth
  4583 | D:5      | Found a sacrificial altar of Ru.
  4599 | D:5      | Reached skill level 4 in Shields
  4682 | D:6      | Reached skill level 10 in Stealth
  4688 | D:6      | Found an ancient bone altar of Kikubaaqudgha.
  4739 | D:6      | Reached XP level 8. HP: 31/36 MP: 11/13
  4796 | D:7      | Identified a scroll of acquirement
  4796 | D:7      | Acquired a +2 hat of intelligence
  4841 | D:7      | Learned a level 3 spell: Tukima's Dance
  4855 | D:7      | Acquired the +3 warlock's mirror {reflect}
  4855 | D:7      | Found the +3 warlock's mirror {reflect}
  4862 | D:7      | Found a broken altar of Ashenzari.
  4867 | D:7      | Reached skill level 11 in Stealth
  4950 | D:8      | Acquired 730 gold pieces
  4952 | D:8      | Noticed a manticore
  4952 | D:8      | Noticed a cyan ugly thing
  4953 | D:8      | Killed a manticore
  4954 | D:8      | Reached skill level 13 in Stealth
  4994 | D:10     | Entered Level 10 of the Dungeon
  5063 | D:10     | Reached skill level 14 in Stealth
  5165 | D:10     | Reached skill level 15 in Stealth
  5165 | D:10     | Reached XP level 9. HP: 27/39 MP: 10/14
  5170 | D:10     | Reached skill level 16 in Stealth
  5509 | D:10     | Reached skill level 17 in Stealth
  5744 | D:10     | Reached skill level 18 in Stealth
  6751 | D:9      | Found a staircase to the Lair.
  6782 | D:9      | Identified the +0 robe "Ostrih" {rN+ Regen+ Dex+2}
  6814 | Lair:1   | Entered Level 1 of the Lair of Beasts
  6817 | Lair:1   | Noticed a cane toad
  6829 | Lair:1   | Killed a cane toad
  6837 | Lair:1   | Noticed a black mamba
  6846 | Lair:1   | Killed a black mamba
  6847 | Lair:1   | Reached skill level 19 in Stealth
  6847 | Lair:1   | Reached XP level 10. HP: 36/44 MP: 13/15
  6855 | Lair:1   | Noticed a cane toad
  6862 | Lair:1   | Killed a cane toad
  6916 | Lair:1   | Reached skill level 20 in Stealth
  7081 | Lair:2   | Noticed a cane toad
  7135 | Lair:2   | Noticed an eight-headed hydra
  7141 | Lair:2   | Killed an eight-headed hydra
  7142 | Lair:2   | Reached skill level 21 in Stealth
  7272 | Lair:3   | Noticed a boulder beetle
  7318 | Lair:3   | Killed a boulder beetle
  7319 | Lair:3   | Reached skill level 22 in Stealth
  7450 | Lair:4   | Noticed a lindwurm
  7554 | Lair:4   | Reached XP level 11. HP: 47/47 MP: 9/16
  7572 | Lair:4   | You fall into a shaft and drop 2 floors!
  7572 | Lair:6   | Entered Level 6 of the Lair of Beasts
  7597 | Lair:6   | Reached skill level 23 in Stealth
  7676 | Lair:6   | Noticed a catoblepas
  7678 | Lair:5   | Noticed Kirke
  7733 | Lair:5   | Reached skill level 24 in Stealth
  7756 | Lair:5   | Found a staircase to the Slime Pits.
  7779 | Slime:1  | Entered Level 1 of the Pits of Slime
  7795 | Slime:2  | Noticed an azure jelly
  7809 | Slime:3  | Noticed an azure jelly
  7809 | Slime:3  | Noticed a quicksilver ooze
  7821 | Slime:3  | Noticed an acid blob
  7831 | Slime:5  | Entered Level 5 of the Pits of Slime
  7842 | Slime:5  | Noticed an acid blob
  7844 | Slime:5  | Noticed a glowing orange brain
  7848 | Slime:5  | Noticed an acid blob
  7848 | Slime:5  | Noticed a shining eye
  7869 | Slime:5  | Noticed an acid blob
  7872 | Slime:5  | Noticed a quicksilver ooze
  7872 | Slime:5  | Noticed an acid blob
  7872 | Slime:5  | Noticed an azure jelly
  7873 | Slime:5  | Noticed an azure jelly
  7875 | Slime:5  | HP: 1/47 [acid blob (27)]
  7875 | Slime:5  | Splashed by an acid blob's acid

Vanquished Creatures
  A boulder beetle (Lair:3)
  A hydra (Lair:2)
  A manticore (D:8)
  An elephant (Lair:5)
  A centaur zombie (D:10)
  3 black mambas
  3 cane toads
  A komodo dragon (Lair:2)
  A blink frog (Lair:3)
  A polar bear (Lair:4)
  3 wyverns
  10 yaks
  A basilisk (Lair:2)
  3 vampire mosquitoes (D:10)
  6 water moccasins
  3 black bears
  A necrophage (D:3)
  A centaur (D:9)
  A kobold brigand (D:10)
  A gnoll sergeant (D:2)
  2 bullfrogs
  A water moccasin skeleton (D:5)
  3 wights (D:10)
  A howler monkey (D:9)
  An electric eel (Lair:3)
  A bullfrog zombie (D:5)
  2 hounds
  A gnoll shaman (D:5)
  3 orc priests
  2 bullfrog skeletons
  2 iguanas
  Ijyb (D:3)
  An orc wizard (D:8)
  Natasha (thrice) (D:2)
  A hound skeleton (D:5)
  13 gnolls
  4 adders
  A white imp (D:7)
  2 adder skeletons (D:4)
  A worm (D:4)
  5 dart slugs
  10 orcs
  A bat (D:1)
  6 endoplasms
  2 giant cockroaches
  6 hobgoblins
  4 jackals (D:3)
  2 quokkas
  A ball python (D:2)
  A frilled lizard (D:1)
  6 goblins
  12 kobolds
  2 rats
148 creatures vanquished.

Vanquished Creatures (collateral kills)
  2 dream sheep (Lair:6)
2 creatures vanquished.

Vanquished Creatures (others)
  An orc (D:4)
  A ball python (D:4)
  6 fungi
  26 plants
34 creatures vanquished.

Grand Total: 184 creatures vanquished

Table legend: (Time is in decaauts)
 A = Elapsed time spent in this place.
 B = Non-inter-level travel time spent in this place.
 C = Inter-level travel time spent in this place.
 D = Time resting spent in this place.
 E = Time spent auto-exploring this place.
 F = Levels seen in this place.
 G = Mean time per level.
                   A        B        C        D        E       F      G
               +--------+--------+--------+--------+--------+-----+--------+
         Total |   6221 |   6162 |     59 |   1602 |   2284 |  21 |  296.2 |
       Dungeon |   5510 |   5451 |     59 |   1587 |   2284 |  10 |  551.0 |
          Lair |    648 |    648 |      0 |     15 |      0 |   6 |  108.0 |
    Slime Pits |     63 |     63 |      0 |      0 |      0 |   5 |   12.6 |
               +--------+--------+--------+--------+--------+-----+--------+

Top non-repeatable levels by time:
    D:10: 1248 daAuts
     D:4: 1241 daAuts
     D:2: 1212 daAuts
     D:1: 949 daAuts
     D:3: 402 daAuts
  Lair:3: 159 daAuts
     D:5: 139 daAuts
  Lair:2: 128 daAuts
  Lair:1: 113 daAuts
  Lair:4: 109 daAuts
     D:6: 91 daAuts
     D:7: 86 daAuts
     D:9: 84 daAuts
  Lair:6: 73 daAuts
  Lair:5: 64 daAuts

Table legend:
 A = Non-vault XP
 B = Vault XP
 C = Vault XP percentage of total XP
 D = Non-vault monster count
 E = Vault monster count
 F = Vault count percentage of total count
                 A         B        C        D         E       F
            +---------+---------+-------+---------+---------+-------
      Total |   10080 |    3769 |  27.2 |     121 |      29 |  19.3
            +---------+---------+-------+---------+---------+-------
        D:1 |      44 |       2 |   4.3 |      21 |       1 |   4.5
        D:2 |     111 |     263 |  70.3 |      11 |      12 |  52.2
        D:3 |     133 |      57 |  30.0 |       8 |       4 |  33.3
        D:4 |     289 |       7 |   2.4 |      18 |       3 |  14.3
        D:5 |     351 |       0 |   0.0 |       9 |       0 |   0.0
        D:6 |     212 |       0 |   0.0 |       3 |       0 |   0.0
        D:7 |      46 |       0 |   0.0 |       2 |       0 |   0.0
        D:8 |     168 |     565 |  77.1 |       4 |       1 |  20.0
        D:9 |     167 |       0 |   0.0 |       2 |       0 |   0.0
       D:10 |    2312 |       0 |   0.0 |      19 |       0 |   0.0
     Lair:1 |    1306 |     444 |  25.4 |       5 |       1 |  16.7
     Lair:2 |    1716 |       0 |   0.0 |       5 |       0 |   0.0
     Lair:3 |     424 |     862 |  67.0 |       3 |       1 |  25.0
     Lair:4 |    1236 |     287 |  18.8 |       6 |       2 |  25.0
     Lair:5 |     916 |       0 |   0.0 |       2 |       0 |   0.0
     Lair:6 |     649 |    1282 |  66.4 |       3 |       4 |  57.1
            +---------+---------+-------+---------+---------+-------
